 Dungeon Crawl Stone Soup version 0.24.0-13-gcf9b319 (webtiles) character file.

Game seed: 9611227942693295391, levelgen mode: deterministic

940 Bronimir the Geomancer (level 7, -1/57 HPs)
             Began as a Deep Dwarf Earth Elementalist on Mar 16, 2020.
             Was a Believer of Makhleb.
             Slain by a hornet zombie (5 damage)
             ... on level 6 of the Dungeon.
             The game lasted 00:21:50 (4509 turns).

Bronimir the Geomancer (DDEE)                       Turns: 4509, Time: 00:21:51

Health: -1/57      AC:  7    Str: 12      XL:     7   Next: 88%
Magic:  6/11       EV: 12    Int: 17      God:    Makhleb [**....]
Gold:   364        SH:  0    Dex: 12 (13) Spells: 1/13 levels left

rFire    . . .     SeeInvis .   a - +1 war axe
rCold    . . .     Gourm    .   (no shield)
rNeg     + . .     Faith    .   j - +0 leather armour
rPois    +         Spirit   .   m - +2 hat
rElec    .         Reflect  .   B - +0 cloak
rCorr    .         Harm     .   w - +0 pair of gloves
MR       +....                  (boots currently unavailable)
Stlth    ++........             (no amulet)
HPRegen  0.00/turn              i - ring of poison resistance
MPRegen  0.12/turn              C - ring of positive energy

@: appendage (expiring), non-regenerating
A: damage resistance, heal wounds, talons 3, sense surroundings 1, no
regeneration
a: Heal Wounds, End Transformation, Minor Destruction, Renounce Religion


You were on level 6 of the Dungeon.
You worshipped Makhleb.
Makhleb was pleased with you.
You were not hungry.
You had grown temporary talons.
You visited 1 branch of the dungeon, and saw 6 of its levels.

You collected 364 gold pieces.

Inventory:

Hand Weapons
 a - a +1 war axe (weapon)
 b - a +0 hand crossbow
 y - a +0 spear
 F - a +1 whip
 O - the +3 mace "Arbiter" {antimagic, rC+ Str+3}
   (You found it on level 5 of the Dungeon)

   It reduces the magical energy of the wielder, and disrupts the spells and
   magical abilities of those hit.
   Natural abilities and divine invocations are not affected.
   It affects your strength (+3).
   It protects you from cold.
Missiles
 g - 4 poisoned darts (quivered)
 n - 48 arrows
 o - 39 sling bullets
 v - 50 bolts
 A - 167 stones
Armour
 j - a +0 leather armour (worn)
 l - a +0 ring mail of fire resistance
 m - a +2 hat (worn)
 w - a +0 pair of gloves (worn)
 B - a +0 cloak (worn)
 J - the +7 chain mail of Dice, Bag, and Bottle {Regen+ Str+4, unknown}
   (You found it on level 4 of the Dungeon)

   It affects your strength (+4).
   It increases your rate of regeneration.
Jewellery
 i - a ring of poison resistance (left hand)
 s - an uncursed ring of protection from cold
 C - a ring of positive energy (right hand)
 N - an uncursed ring of ice
Wands
 D - a wand of random effects (16)
Scrolls
 e - 10 scrolls of identify
 k - a scroll of immolation
 q - a scroll of fog
 u - 5 scrolls of amnesia
 x - 6 scrolls of fear
 G - a scroll of random uselessness {unknown}
 H - 2 scrolls of blinking
 I - 2 scrolls of teleportation
Potions
 c - 3 potions of agility {unknown}
 f - a potion of degeneration {unknown}
 h - 2 potions of lignification {unknown}
 p - 2 potions of haste
 r - 3 potions of curing {unknown}
 t - 2 potions of heal wounds {unknown}
 z - 2 potions of flight {unknown}
 E - a potion of brilliance {unknown}
 M - a potion of invisibility {unknown}
 P - a potion of might {unknown}
Comestibles
 d - 11 rations


   Skills:
 + Level 1.3 Fighting
 * Level 2.1(2.3) Axes
 + Level 1.0(1.5) Maces & Flails
 * Level 2.7 Armour
 + Level 2.6 Dodging
 - Level 2.4 Stealth
 + Level 3.7 Spellcasting
 + Level 0.8 Transmutations
 * Level 8.9 Earth Magic
 * Level 3.3 Invocations


You had one spell level left.
You knew the following spells:

 Your Spells              Type           Power        Failure   Level  Hunger
a - Sandblast             Erth           ####..       1%          1    None
b - Passwall              Tmut/Erth      ###.....     4%          2    ##.....
c - Stone Arrow           Conj/Erth      ###...       10%         3    ###....
d - Lee's Rapid Deconstr  Erth           ####......   14%         5    ######.
e - Beastly Appendage     Tmut           #.....       14%         1    None

Your spell library contained the following spells:

 Spells                   Type           Power        Failure   Level  Hunger
 Sticks to Snakes         Tmut           #.......     22%         2    ##.....
 Petrify                  Tmut/Erth      ###.....     26%         4    ####...
 Spider Form              Tmut/Pois      #.........   45%         3    ###....
 Ice Form                 Ice/Tmut       #.......     86%         4    ####...
 Blade Hands              Tmut           #.........   99%         5    ######.


Dungeon Overview and Level Annotations

Branches:
Dungeon (6/15)             Temple (0/1) D:5

Altars:
Elyvilon
Makhleb
Okawaru
Yredelemnul


Innate Abilities, Weirdness & Mutations

You are resistant to damage.
You can heal yourself by infusing magical energy.
You passively map a small area around you.
You do not regenerate.
You have claws for feet.


Message History

Press: ? - help, Shift-Dir - straight line, f/p - hornet zombie
Aim: a hornet zombie (heavily damaged)
The glob of acid misses the hornet zombie.
The hornet zombie hits you but does no damage.
Press: ? - help, Shift-Dir - straight line, f/p - hornet zombie
Aim: a hornet zombie (heavily damaged)
The stone arrow hits the hornet zombie!
The hornet zombie is severely damaged.
Your transformation is almost over.
The hornet zombie completely misses you.
Casting: Sandblast (safe; 1% risk of failure)
Confirm with . or Enter, or press ? or * to list all spells.
Aiming: Sandblast (safe; 1% risk of failure)
Press: ? - help, Shift-Dir - straight line, f/p - hornet zombie
Aim: a hornet zombie (severely damaged)
The blast of sand hits the hornet zombie!
The hornet zombie is almost destroyed.
A - 167 stones The hornet zombie hits you.
You die...

.# *#.####........
....###.............
,
*..##..............#
#..#.............##,
...........?......#,
...............#..#
, ,
....................
........# ......
.... ...# , ... , *
>.. ,#.... , , ..
*##.#., , , ,, , ##
** ,, *


You could see a hornet zombie.

Vanquished Creatures
  Sigmund (D:5)
  A sky beast (D:5)
  2 ogres
  A howler monkey (D:4)
  A quasit (D:5)
  6 orc wizards
  A hound (D:4)
  An iguana (D:4)
  2 worker ants (D:4)
  A hound zombie (D:5)
  A hound skeleton (D:5)
  A worker ant zombie (D:5)
  Robin (D:3)
  4 adders
  An ooze (D:5)
  A worm (D:3)
  2 leopard geckos
  12 orcs
  5 giant cockroaches
  14 goblins
  11 hobgoblins
  5 jackals
  A quokka (D:2)
  A ball python skeleton (D:5)
  2 bats
  4 frilled lizards
  A jackal zombie (D:6)
  7 kobolds
  6 rats
97 creatures vanquished.

Notes
Turn   | Place    | Note
-------+----------+-------------------------------------------
     0 | D:1      | Bronimir the Deep Dwarf Earth Elementalist began the quest
                  | for the Orb.
     0 | D:1      | Reached XP level 1. HP: 15/15 MP: 3/3
   195 | D:1      | Reached XP level 2. HP: 20/22 MP: 1/4
   620 | D:1      | Reached skill level 5 in Earth Magic
  1011 | D:2      | Reached XP level 3. HP: 27/30 MP: 3/6
  1218 | D:2      | Found a burning altar of Makhleb.
  1332 | D:2      | Became a worshipper of Makhleb the Destroyer
  1567 | D:3      | Noticed Robin
  1693 | D:2      | Reached XP level 4. HP: 11/37 MP: 1/7
  1751 | D:2      | Learned a level 2 spell: Passwall
  1755 | D:2      | Learned a level 3 spell: Stone Arrow
  1833 | D:3      | Reached skill level 6 in Earth Magic
  2142 | D:3      | Found a basalt altar of Yredelemnul.
  2197 | D:3      | Found a white marble altar of Elyvilon.
  2272 | D:3      | Reached * piety under Makhleb
  2462 | D:3      | Reached skill level 1 in Fighting
  2463 | D:3      | Reached skill level 1 in Armour
  2574 | D:3      | Killed Robin
  2739 | D:4      | Reached XP level 5. HP: 31/44 MP: 7/9
  2745 | D:4      | Reached skill level 1 in Invocations
  2796 | D:4      | Got a twisted chain mail
  2802 | D:4      | Noticed an ogre
  2819 | D:4      | Killed an ogre
  2819 | D:4      | Reached XP level 6. HP: 36/51 MP: 2/10
  2827 | D:4      | Reached skill level 7 in Earth Magic
  2832 | D:4      | Reached skill level 1 in Axes
  3468 | D:5      | Entered Level 5 of the Dungeon
  3656 | D:5      | Found an iron altar of Okawaru.
  3669 | D:5      | Got an encrusted mace
  3676 | D:5      | Identified the +3 mace "Arbiter" {antimagic, rC+ Str+3}
                  | (You found it on level 5 of the Dungeon)
  3875 | D:5      | Reached skill level 8 in Earth Magic
  3875 | D:5      | Reached XP level 7. HP: 31/57 MP: 1/11
  3895 | D:5      | HP: 2/57 [orc wizard/+0 dagger (2)]
  3973 | D:5      | Noticed Sigmund
  3977 | D:5      | Killed Sigmund
  3978 | D:5      | Reached ** piety under Makhleb
  4052 | D:5      | Reached skill level 1 in Maces & Flails
  4239 | D:5      | Found a staircase to the Ecumenical Temple.
  4499 | D:5      | Learned a level 5 spell: Lee's Rapid Deconstruction
  4501 | D:5      | Learned a level 1 spell: Beastly Appendage
  4509 | D:6      | Slain by a hornet zombie

Levels and vault maps discovered:
D:1:      minmay_arrival_pointy, layout_basic, serial_forest,
          infiniplex_forest_end_3, infiniplex_forest_diagonal,
          infiniplex_forest_corner_2, infiniplex_forest_clump_cross,
          infiniplex_forest_clump_curved, infiniplex_forest_end_1
D:2:      cheibrodos_helix_gallery, layout_basic, lemuel_doored_altar
D:3:      layout_rooms, kennysheep_ying_yang, eino_tiny_chamber, st_stairs_11,
          kennysheep_generic_room_5, uniq_robin
D:4:      layout_loops_ring, st_stairs_11
D:5:      layout_loops_ring, minmay_temple_entry_offerings, first_ration,
          okawaru_ov_weapons_minmay, uniq_sigmund
D:6:      layout_cave_pools

Skill      XL: |  1  2  3  4  5  6  7 |
---------------+----------------------+-----
Earth Magic    | 5 6 8 |  8.9
Spellcasting   | 2 3 |  3.7
Fighting       | 1 |  1.3
Armour         | 1 2 |  2.7
Invocations    | 1 2 3 |  3.3
Axes           | 1 2 |  2.1
Maces & Flails | 1 |  1.0
Dodging        | |  2.6
Stealth        | |  2.4
Transmutations | |  0.8

Action                   |  1- 3 |  4- 6 |  7- 9 || total
-------------------------+-------+-------+-------++-------
Melee: Unarmed           |     4 |       |       ||     4
       Dagger            |     6 |       |       ||     6
       Whip              |    11 |       |       ||    11
       War axe           |       |    32 |    17 ||    49
       Mace              |       |     5 |    18 ||    23
Throw: Dart              |     3 |       |       ||     3
 Cast: Sandblast         |    55 |    63 |    18 ||   136
       Beastly Appendage |       |       |     1 ||     1
Invok: Minor Destruction |       |       |     2 ||     2
 Abil: Heal Wounds       |       |     1 |     1 ||     2
  Use: Scroll            |     4 |     6 |       ||    10
 Stab: Sleeping          |       |     2 |     2 ||     4
  Eat: Chunk             |     3 |     7 |     2 ||    12
Armor: Leather armour    |    18 |    32 |    28 ||    78
       Ring mail         |     1 |       |       ||     1
Dodge: Dodged            |    33 |    56 |    53 ||   142
